 Dungeon Crawl Stone Soup version 0.28-a0-97-g102d6777a4 (webtiles) character file.

Game seed: 17601670801626343612

38 pokeman the Magician (level 3, -2/20 HPs)
             Began as a Deep Elf Hedge Wizard on Aug 10, 2021.
             Slain by a goblin (5 damage)
             ... led by Robin
             ... on level 2 of the Dungeon.
             The game lasted 00:02:20 (1881 turns).

pokeman the Magician (Deep Elf Hedge Wizard)        Turns: 1881, Time: 00:02:20

Health: -2/20      AC:  2    Str:  7    XL:     3   Next: 25%
Magic:  8/11       EV: 12    Int: 19    God:
Gold:   35         SH:  0    Dex: 14    Spells: 1/12 levels left

rFire   . . .      SeeInvis .   j - +0 dagger (speed)
rCold   . . .      Faith    .   (no shield)
rNeg    . . .      Spirit   .   b - +0 robe
rPois   .          Reflect  .   c - +0 hat
rElec   .          Harm     .   (no cloak)
rCorr   .          Rampage  .   (no gloves)
Will    .....                   (no boots)
Stlth   ++........              (no amulet)
HPRegen 0.06/turn               (no ring)
MPRegen 0.12/turn               (no ring)

@: very slightly contaminated
A: no striking features
a: no special abilities


You were on level 2 of the Dungeon.
You visited 1 branch of the dungeon, and saw 2 of its levels.

You collected 35 gold pieces.

Inventory:

Hand Weapons
 a - a +0 dagger
 j - a +0 dagger of speed (weapon)
Missiles
 h - 17 arrows
Armour
 b - a +0 robe (worn)
 c - a +0 hat (worn)
 f - a +0 kite shield
Scrolls
 d - 2 scrolls of identify {unknown}
 e - a scroll of enchant weapon {unknown}
Potions
 g - a potion of magic {unknown}
 i - a potion of might {unknown}


   Skills:
 + Level 0.8 Fighting
 + Level 0.8 Armour
 - Level 2.4 Dodging
 - Level 2.4 Stealth
 * Level 5.2 Spellcasting
 + Level 1.8 Conjurations
 - Level 1.1 Summonings
 - Level 1.1 Translocations


You had one spell level left.
You knew the following spells:

 Your Spells              Type           Power      Damage    Failure   Level
a - Magic Dart            Conj           44%        1d5       6%          1
b - Mephitic Cloud        Conj/Pois/Air  7%         N/A       28%         3
c - Call Imp              Summ           9%         N/A       12%         2
d - Blink                 Tloc           N/A        N/A       12%         2
e - Conjure Flame         Conj/Fire      8%         6-21      26%         3

Your spell library contained the following spells:

 Spells                   Type           Power      Damage    Failure   Level
 Slow                     Hex            4%         N/A       19%         2


Dungeon Overview and Level Annotations

Branches:
Dungeon (2/15)

Altars:

Annotations:
D:2 Robin


Message History

3 goblins and Robin come into view.
Robin is wielding a +0 mace and wearing the +0 helmet of Resonance {-Cast rElec Regen+ Dex+10}.
Robin shouts!
The goblin shouts! x2; You hear a shout! x4
Items here: ( )))) ††.
j - a +0 dagger of speed Robin roars a battlecry!
The goblins go into a battle-frenzy!
An endoplasm comes into view.
The goblin completely misses you.
Your hands tingle!
j - a +0 dagger of speed (weapon)
Casting: Magic Dart (safe; 6% risk of failure)
Confirm with . or Enter, or press ? or * to list all spells.
Aiming: Magic Dart (safe; 6% risk of failure)
Press: ? - help, Shift-Dir - straight line, f - goblin
Aim: a goblin, wielding a +0 dagger (strong, 100% to hit)
The magic dart hits the goblin.
The goblin is moderately wounded.
Robin throws the goblin at you! The goblin closely misses you.
Unknown command.
The goblin hits you with a +0 dagger. Robin throws the goblin at you!
A goblin comes into view. It is wielding a +0 club.
The goblin hits you with a +0 dagger.
The goblin unwields a +0 dagger.
The goblin wields a +2 hunting sling of flaming.
It bursts into flame!
The goblin shoots a stone.
The stone hits you. The stone burns you. Robin throws the goblin at you!
The goblin completely misses you.
You barely miss the goblin. The goblin hits you with a +0 dagger.
* * * LOW HITPOINT WARNING * * *
A goblin comes into view. It is wielding a +0 club.
The goblin misses you. The goblin barely misses you.
Robin drinks a potion.
Robin seems to speed up.
Casting: Magic Dart (safe; 6% risk of failure)
Confirm with . or Enter, or press ? or * to list all spells.
You miscast Blink.
You are very lightly contaminated with residual magic.
Nothing appears to happen.
The goblin hits you with a +0 dagger.
You die...

#.#.## #.#.g.
(###.#..###.#
.......J<.g.#
#...)#
####...g##
........g#
##.....gg#
#......@##
##......g####..
#............#
#.......#####
##.....##
##....# #.##.#
.. ##.##.# #.
##...#.#


You could see Robin (fast), an endoplasm and 5 goblins.

Vanquished Creatures
  A dart slug (D:1)
  2 ball pythons (D:1)
  4 bats (D:1)
  2 endoplasms (D:1)
  A giant cockroach (D:1)
  3 goblins (D:2)
  4 hobgoblins (D:1)
  6 jackals (D:1)
  A quokka (D:1)
  A frilled lizard (D:1)
  A kobold (D:1)
  5 rats (D:1)
31 creatures vanquished.

Notes
Turn   | Place    | Note
-------+----------+-------------------------------------------
     0 | D:1      | pokeman the Deep Elf Hedge Wizard began the quest for the
                  | Orb.
     0 | D:1      | Reached XP level 1. HP: 10/10 MP: 7/7
   325 | D:1      | Found a faded altar of an unknown god.
   544 | D:1      | Reached XP level 2. HP: 16/16 MP: 5/9
  1208 | D:1      | Reached skill level 5 in Spellcasting
  1389 | D:1      | Reached XP level 3. HP: 20/20 MP: 7/11
  1393 | D:1      | Learned a level 3 spell: Mephitic Cloud
  1396 | D:1      | Learned a level 2 spell: Call Imp
  1399 | D:1      | Learned a level 2 spell: Blink
  1403 | D:1      | Learned a level 3 spell: Conjure Flame
  1872 | D:2      | Identified the +0 helmet of Resonance {-Cast rElec Regen+
                  | Dex+10}
  1872 | D:2      | Noticed Robin
  1881 | D:2      | Slain by a goblin

Illustrated notes

Levels and vault maps discovered:
D:1:      dpeg_arrival_rhombus, layout_basic, chequers_ecumenical_altar_simple
D:2:      layout_loops_ring, basic_altar, uniq_robin, uniq_crazy_yiuf_cottage

Skill      XL: |  1  2 |
---------------+-------+-----
Spellcasting   | 5 |  5.2
Fighting       | |  0.8
Armour         | |  0.8
Dodging        | |  2.4
Stealth        | |  2.4
Conjurations   | |  1.8
Summonings     | |  1.1
Translocations | |  1.1

Action                   || total
-------------------------++-------
Melee: Dagger            ||    19
 Cast: Magic Dart        ||    81
Armor: Robe              ||     2
Dodge: Dodged            ||    30

Table legend: (Time is in decaauts)
 A = Elapsed time spent in this place.
 B = Non-inter-level travel time spent in this place.
 C = Inter-level travel time spent in this place.
 D = Time resting spent in this place.
 E = Time spent auto-exploring this place.
 F = Levels seen in this place.
 G = Mean time per level.
                   A        B        C        D        E       F      G
               +--------+--------+--------+--------+--------+-----+--------+
         Total |   1879 |   1856 |     23 |      0 |   1685 |   2 |  939.5 |
       Dungeon |   1879 |   1856 |     23 |      0 |   1685 |   2 |  939.5 |
               +--------+--------+--------+--------+--------+-----+--------+

Top non-repeatable levels by time:
     D:1: 1822 daAuts
     D:2: 57 daAuts
